Map: Thunderbird LE

Players

TYTY (TY)

  • Race: Terran Terran
  • League: Master
  • Spawn Location: 11:00

OGZest (Zest) - Winner!

  • Race: Protoss Protoss
  • Spawn Location: 5:00

Event: HomeStory Cup XIX

VOD

Have the link to the VOD?

Description

Time

  • Played on: June 30, 2019, 3:45 p.m.
  • Length: 18:25

All games in this series

Show
View Real Time Build Order
Export as new Build Order

TYTY Terran 

Build Orders:  

Get SALT Encoding   

  12  0:00  SCV  
  13  0:12  SCV  
  14  0:17  Supply Depot  
  14  0:24  SCV  
  15  0:38  SCV  
  15  0:41  Barracks  
  16  0:43  Refinery  
  16  0:50  SCV  
  17  1:02  SCV  
  18  1:15  SCV  
  19  1:28  Barracks Reactor  
  19  1:29  Orbital Command  
  19  1:42  Command Center  
  19  1:55  SCV  
  20  2:02  Supply Depot  
  20  2:04  Marine x2  
  20  2:07  SCV  
  23  2:15  Factory  
  23  2:23  Marine, SCV  
  25  2:36  Marine, SCV  
  27  2:41  Marine  
  27  2:42  Refinery  
  28  2:48  SCV  
  29  2:54  Orbital Command, Marine  
  30  2:59  Marine  
  30  3:00  SCV  
  30  3:01  Factory Tech Lab  
  30  3:04  Starport  
  32  3:12  SCV  
  33  3:17  Marine x2  
  35  3:20  Cyclone  
  35  3:22  SCV  
  35  3:26  SCV  
  39  3:34  Marine x2  
  39  3:36  SCV  
  39  3:39  SCV, Supply Depot  
  43  3:45  Viking  
  43  3:48  SCV  
  46  3:54  Marine  
  46  3:55  Marine  
  46  4:00  SCV, Cyclone  
  48  4:04  SCV  
  48  4:07  Bunker  
  46  4:12  Marine, SCV  
  46  4:13  Marine  
  47  4:19  SCV  
  44  4:32  Siege Tank, Marine x2  
  44  4:33  SCV  
  44  4:35  Medivac  
  44  4:36  SCV  
  48  4:45  SCV  
  48  4:51  Marine x2  
  48  4:55  SCV  
  45  5:09  Marine x2  
  45  5:11  Siege Tank  
  45  5:13  SCV x2  
  48  5:20  Starport Tech Lab  
  48  5:21  Liberator  
  48  5:27  Marine x2  
  49  5:28  SCV x2  
  49  5:30  Command Center  
  50  5:37  Supply Depot  
  50  5:41  SCV  
  54  5:48  Supply Depot  
  54  5:52  Supply Depot  
  54  5:59  Marine x2, SCV x2  
  54  6:00  Siege Tank  
  54  6:03  Barracks  
  54  6:04  Barracks  
  61  6:10  Liberator  
  61  6:11  SCV  
  61  6:12  Supply Depot  
  61  6:13  SCV  
  61  6:15  Refinery  
  61  6:16  Marine x2, Refinery  
  65  6:23  SCV  
  66  6:28  SCV  
  70  6:35  SCV  
  71  6:40  SCV  
  71  6:44  Orbital Command, Barracks  
  71  6:45  Barracks  
  75  6:47  SCV  
  75  6:51  Marine x2  
  75  6:52  SCV  
  76  6:54  Barracks Tech Lab  
  76  6:58  Factory Tech Lab  
  76  6:59  SCV  
  77  7:05  Marine, SCV  
  77  7:06  Orbital Command, Stimpack  
  77  7:08  Marine  
  77  7:09  Marine  
  77  7:12  SCV  
  77  7:14  Marine  
  80  7:17  SCV  
  80  7:21  Starport Reactor  
  81  7:23  Marine  
  81  7:24  SCV  
  81  7:26  Siege Tank, Marine, Engineering Bay  
  81  7:27  Engineering Bay  
  81  7:29  SCV, Supply Depot  
  88  7:32  SCV  
  88  7:35  Barracks Reactor  
  88  7:36  SCV  
  90  7:42  SCV  
  89  7:44  SCV  
  89  7:48  SCV  
  89  7:49  Marine x5  
  95  7:54  SCV  
  95  7:55  Supply Depot  
  95  7:56  SCV  
  95  7:58  Refinery  
  94  8:00  SCV  
  94  8:01  Terran Infantry Weapons Level 1, Terran Infantry Armor Level 1  
  94  8:03  Supply Depot  
  94  8:04  Medivac x2  
  99  8:06  Marine, SCV  
  99  8:09  SCV  
  99  8:11  Missile Turret  
  99  8:12  SCV  
  103  8:14  Supply Depot  
  103  8:18  SCV  
  103  8:19  Liberator  
  104  8:20  Marine x3  
  104  8:21  SCV  
  104  8:22  Liberator  
  104  8:24  Missile Turret  
  104  8:26  SCV  
  109  8:30  Missile Turret, SCV  
  111  8:34  Starport, Fusion Core  
  111  8:40  Marine, Refinery  
  118  8:41  Supply Depot  
  118  8:44  Marine x2  
  118  8:45  Marine  
  120  8:55  Marine x2  
  122  8:57  Combat Shield  
  122  8:58  Command Center  
  122  9:00  Marine  
  122  9:02  Marine  
  123  9:04  Supply Depot  
  123  9:06  Factory Reactor  
  123  9:07  Liberator  
  127  9:14  Marine x3  
  128  9:17  Marauder x2, Liberator  
  128  9:20  Advanced Ballistics  
  128  9:23  Armory  
  133  9:31  Liberator  
  136  9:32  Marine x3  
  136  9:34  Command Center  
  136  9:36  Marine x2  
  136  9:38  Marine  
  142  9:44  Marine  
  144  9:53  Command Center  
  144  9:54  Marine  
  144  9:55  Marauder  
  144  9:56  Marauder  
  149  10:04  Missile Turret x2  
  149  10:05  Missile Turret, Supply Depot  
  149  10:06  Supply Depot  
  149  10:07  Concussive Shells  
  149  10:09  Marine x4  
  153  10:15  Marine  
  153  10:16  Terran Infantry Weapons Level 2, Marine  
  155  10:26  Terran Infantry Armor Level 2  
  151  10:29  Marauder, Marine x2  
  151  10:30  Marauder  
  151  10:32  Viking  
  151  10:35  Viking  
  148  10:54  Marauder, Marine x2  
  148  10:55  Marauder x2  
  129  10:58  Viking x2  
  129  10:59  Orbital Command  
  129  11:04  Viking  
  131  11:16  Marauder x2  
  131  11:17  Marauder  
  137  11:19  Supply Depot x2  
  137  11:20  Viking  
  138  11:28  Liberator x2  
  138  11:31  Viking  
  132  11:35  Liberator  
  132  11:37  Marauder x2  
  132  11:38  Terran Ship Weapons Level 1  
  136  11:46  Liberator  
  142  11:50  Orbital Command  
  142  11:53  Marauder  
  147  12:01  Sensor Tower  
  150  12:11  Ghost Academy, Liberator  
  150  12:13  SCV x3  
  152  12:20  Marauder x2  
  156  12:23  Marine x2  
  164  12:34  Missile Turret  
  164  12:37  Planetary Fortress  
  164  12:42  Sensor Tower  
  167  12:45  Viking x2  
  167  12:46  Viking  
  167  12:51  Refinery  
  167  12:53  Personal Cloaking, Refinery  
  167  13:00  Ghost  
  169  13:07  Ghost  
  169  13:09  Command Center  
  169  13:12  Missile Turret  
  173  13:16  Viking  
  173  13:28  Ghost  
  173  13:29  Missile Turret  
  173  13:34  Command Center  
  174  13:35  Ghost  
  174  13:37  Viking  
  174  13:39  Missile Turret  
  174  13:40  Terran Infantry Weapons Level 3  
  175  13:48  Viking x2  
  175  13:55  Ghost  
  177  14:01  Ghost Academy  
  177  14:02  Ghost Academy  
  176  14:03  Missile Turret  
  176  14:08  Terran Ship Weapons Level 2  
  176  14:18  Nuke  
  176  14:19  Missile Turret  
  176  14:20  Ghost  
  178  14:25  Terran Infantry Armor Level 3  
  178  14:28  Medivac  
  180  14:33  Marine x4  
  180  14:35  Marine x2  
  180  14:36  Medivac  
  180  14:37  Medivac  
  186  14:44  Command Center  
  183  14:49  Marine, Missile Turret  
  183  14:51  Marine x4  
  183  14:52  Nuke x2  
  188  15:05  Missile Turret, Sensor Tower  
  187  15:09  Missile Turret  
  185  15:14  Viking x2  
  185  15:15  Viking x2  
  183  15:40  Supply Depot  
  183  15:41  Supply Depot  
  174  15:55  Viking x3  
  177  16:00  Liberator  
  172  16:08  Liberator x2  
  157  16:18  Marauder x3, Marine x4  
  159  16:36  Marine x4  
  159  16:39  Marine, SCV  
  171  16:40  Marauder x2  
  168  16:48  Liberator x2  
  168  16:50  Orbital Command  
  168  16:54  Marine  
  161  17:11  Missile Turret  
  160  17:20  Liberator  
  159  17:24  Marine x4  
  159  17:25  Nuke  
  159  17:26  Missile Turret  
  159  17:28  Ghost x3  
  159  17:29  Orbital Command  
  163  17:38  SCV x3  
  163  17:39  SCV  
  170  17:44  Missile Turret  
  170  17:46  Missile Turret  
  160  17:53  Marine x2  
  160  17:57  Marauder x2  
Show
View Real Time Build Order
Export as new Build Order

OGZest Protoss - Winner!

Build Orders: 1 Gate Expand 

Get SALT Encoding   

  12  0:01  Probe  
  13  0:13  Probe  
  14  0:16  Pylon  
  14  0:23  Probe  
  15  0:31  Probe  
  16  0:36  Gateway  
  16  0:39  Probe  
  16  0:46  Assimilator  
  17  0:51  Probe  
  18  1:03  Probe  
  19  1:15  Probe  
  20  1:23  Cybernetics Core  
  20  1:31  Nexus  
  20  1:35  Probe  
  21  1:42  Pylon  
  21  1:44  Warp Gate  
  22  1:47  Probe  
  22  1:50  Assimilator  
  22  1:59  Probe  
  23  2:01  Stalker  
  25  2:11  Probe  
  26  2:23  Probe  
  26  2:29  Stalker  
  27  2:35  Probe  
  30  2:42  Gateway x2  
  30  2:44  Probe  
  30  2:49  Probe  
  32  2:51  Stalker  
  32  2:58  Probe  
  33  3:01  Probe  
  36  3:07  Pylon  
  36  3:10  Probe  
  37  3:13  Probe  
  38  3:22  Probe  
  38  3:25  Probe  
  40  3:38  Stalker x3  
  40  3:40  Probe x2  
  48  3:44  Pylon  
  48  3:49  Twilight Council  
  44  4:03  Stalker x3  
  50  4:10  Probe x2  
  50  4:13  Blink  
  52  4:24  Probe  
  53  4:25  Probe  
  48  4:32  Stalker x3  
  48  4:36  Probe  
  48  4:37  Probe  
  50  4:54  Probe  
  50  4:55  Probe  
  50  4:56  Assimilator  
  50  4:58  Stalker x2, Assimilator  
  50  4:59  Zealot  
  58  5:01  Pylon  
  58  5:07  Probe x2  
  56  5:14  Robotics Facility  
  56  5:19  Probe, Pylon  
  57  5:28  Probe, Nexus  
  56  5:31  Probe  
  56  5:35  Stalker x2, Pylon  
  57  5:36  Stalker  
  57  5:40  Pylon  
  57  5:41  Probe  
  64  5:43  Probe  
  65  5:50  Forge  
  65  5:51  Forge  
  65  5:53  Probe  
  65  5:55  Probe  
  65  5:57  Observer  
  67  5:59  Sentry  
  67  6:02  Stalker  
  72  6:05  Stalker  
  72  6:10  Shield Battery  
  74  6:12  Pylon  
  74  6:13  Pylon  
  74  6:15  Probe x2  
  76  6:26  Observer  
  76  6:28  Protoss Ground Armor Level 1, Protoss Ground Weapons Level 1  
  76  6:32  Probe x2  
  79  6:35  Charge  
  79  6:45  Immortal  
  79  6:48  Probe, Gateway  
  79  6:50  Gateway x2  
  78  6:55  Pylon  
  78  6:59  Stalker x2  
  86  7:06  Stalker  
  82  7:14  Probe  
  82  7:15  Probe x2  
  83  7:22  Probe  
  83  7:23  Probe x2  
  83  7:26  Assimilator  
  86  7:30  Assimilator, Probe  
  86  7:31  Probe x2  
  86  7:36  Robotics Facility  
  89  7:37  Robotics Bay  
  89  7:42  Probe x2  
  91  7:45  Probe  
  91  7:47  Stalker x2, Pylon  
  91  7:49  Stalker  
  98  7:57  Probe x2  
  101  8:00  Observer  
  101  8:02  Probe  
  101  8:08  Nexus  
  101  8:10  Probe x2, Phoenix, Pylon  
  104  8:15  Probe  
  104  8:16  Pylon  
  105  8:22  Probe  
  105  8:25  Protoss Ground Armor Level 2  
  105  8:26  Colossus x2  
  118  8:31  Extended Thermal Lance  
  118  8:32  Protoss Ground Weapons Level 2  
  118  8:41  Probe x3  
  121  8:44  Assimilator  
  121  8:48  Assimilator  
  121  8:55  Gateway  
  121  9:04  Gateway  
  121  9:06  Probe x2  
  123  9:10  Colossus  
  123  9:12  Probe  
  123  9:14  Warp Prism  
  124  9:20  Pylon  
  124  9:23  Pylon  
  132  9:26  Probe x3  
  132  9:28  Pylon  
  132  9:29  Stargate  
  135  9:34  Probe  
  136  9:41  Pylon  
  136  9:45  Stalker x3  
  136  9:46  Stalker x2, Protoss Air Weapons Level 1  
  146  10:01  Zealot x3  
  146  10:04  Nexus  
  152  10:13  Zealot x5  
  162  10:27  Zealot x3  
  168  10:35  Stalker x5  
  164  10:57  Zealot x3, Protoss Ground Weapons Level 3  
  138  11:04  Protoss Ground Armor Level 3  
  126  11:07  Stalker x5  
  136  11:12  Stargate  
  136  11:15  Fleet Beacon  
  136  11:19  Zealot x2  
  136  11:22  Zealot  
  136  11:25  Observer  
  145  11:31  Zealot x5  
  132  11:48  Stalker x3, Disruptor  
  132  11:49  Disruptor  
  132  11:50  Tempest  
  132  11:51  Tempest  
  138  11:55  Sentry  
  138  11:56  Stalker x2, Sentry x2  
  160  12:04  Stargate  
  160  12:10  Probe x3  
  160  12:11  Protoss Air Weapons Level 2  
  160  12:12  Probe  
  160  12:15  Stalker x3  
  170  12:25  Disruptor x2  
  176  12:32  Cybernetics Core  
  176  12:33  Dark Shrine, Tempest x2  
  186  12:41  Zealot x6  
  198  12:49  Assimilator  
  198  12:50  Assimilator  
  198  12:53  Photon Cannon  
  198  12:54  Disruptor  
  198  13:02  Disruptor  
  198  13:12  Tempest  
  193  13:16  Tempest  
  196  13:24  Protoss Air Armor Level 1  
  196  13:31  Observer, Gateway  
  196  13:32  Gateway, Protoss Shields Level 1  
  194  13:35  Gateway x2  
  194  13:38  Observer  
  194  13:39  Shadow Stride, Gravitic Boosters  
  196  13:51  Gateway  
  196  13:52  Gateway  
  196  13:54  Oracle  
  200  14:07  Oracle  
  200  14:09  Observer  
  196  14:26  Dark Templar x2  
  199  14:36  Gravitic Drive  
  199  14:39  Photon Cannon  
  199  14:41  Photon Cannon  
  199  14:42  Photon Cannon  
  199  14:44  Photon Cannon  
  199  14:56  Dark Templar  
  199  14:57  Nexus  
  199  14:59  Pylon  
  195  15:12  Protoss Air Weapons Level 3  
  193  15:33  Stalker x4  
  193  15:59  Dark Templar x2  
  193  16:00  Dark Templar  
  179  16:12  Oracle x2  
  179  16:14  Observer  
  185  16:21  Dark Templar x2  
  185  16:23  Stalker x5  
  199  17:13  Nexus, Pylon  
  194  17:28  Pylon  
  192  17:31  Dark Templar x3  
  184  17:39  Stalker x8  
  184  17:40  Stalker  
  179  17:56  Stalker x2  
  138  18:11  Stalker x9  
  138  18:12  Stalker x3  
Tags
 
Add a new tag
Caveats
  • Supply blocks, unpowered buildings, or Contaminate may cause inaccurate times.
  • Supply counts are checked every 10 seconds.